[Event "Late-Titled-Tuesday-Blitz-October-03-2023"]
[Site "Chess.com"]
[Date "2023.10.03"]
[Round "2"]
[White "PNEPaul"]
[Black "MasterKroket"]
[Result "0-1"]
[WhiteElo "1947"]
[BlackElo "2392"]
[TimeControl "180+1"]
[EndTime "14:16:13 PDT"]
[Termination "MasterKroket won on time"]

1. e4 e5 2. Nf3 Nc6 3. Bc4 Nf6 4. d4 exd4 5. O-O Nxe4 6. Re1 d5 7. Bxd5 Qxd5 8.
Nc3 Qa5 9. Nxe4 Be6 10. Neg5 O-O-O 11. Nxe6 fxe6 12. Bg5 Rd5 13. Bd2 Qc5 14. Qe2 e5 15. Qe4 Bd6 16. b4 Qc4 17. c3 Rd8 18. cxd4 Nxd4 19. Nxd4 Qxd4 20. Qf5+ Kb8 21. Be3 Qd3 22. Qf3 e4 23. Qh3 Bxb4 24. Rf1 h6 25. Qg4 g5 26.
Qh5 Bf8 27. g3 Qa6 28. Rad1 Qe6 29. Rxd5 Rxd5 30. Rd1 Rxd1+ 31. Qxd1 Bd6 32. Qd4 b6 33. Qh8+ Kb7 34. Qh7 a5 35. a4 Bc5 36. Bxc5 bxc5 37. Qh8 c4 38. Qb2+ Qb6 39. Qe2 Qc6 40. Qb2+ Ka6 41.
Qc2 Qd5 42. Qc3 c6 0-1

[Event "Late-Titled-Tuesday-Blitz-October-03-2023"]
[Site "Chess.com"]
[Date "2023.10.03"]
[Round "2"]
[White "maxip32"]
[Black "MathiasCasalaspro"]
[Result "1-0"]
[WhiteElo "2543"]
[BlackElo "2332"]
[TimeControl "180+1"]
[EndTime "14:16:15 PDT"]
[Termination "maxip32 won on time"]

1. e4 c5 2. Nf3 d6 3. d4 cxd4 4.
Nxd4 Nf6 5. Nc3 a6 6. Be2 e5 7.
Nb3 Be7 8. Be3 Be6 9. Nd5 Nxd5 10.
exd5 Bf5 11. O-O Nd7 12. c4 O-O 13. Qd2 a5 14. Rac1 a4 15. Na1 Qc8 16. Nc2 Bd8 17. Na3 Ba5 18. Qd1 Nc5 19. Nb5 Rd8 20. f4 e4 21. g4 Bd7 22. Nxd6 Qc7 23. Nb5 Bxb5 24. cxb5 Bb6 25. Kh1 Qd6 26. Bc4 Nd3 27. Bxb6 Qxb6 28.
Rc2 Qd4 29. b3 axb3 30. axb3 Kh8 31. Rd2 Rac8 32. Bxd3 Rxd5 33. Bxe4 Qxe4+ 34. Kg1 Qe3+ 35. Rff2 Rxd2 36. Qxd2 Qe8 37. Qd5 Rc1+ 38. Kg2 Re1 39. Qxb7 Re7 40. Qc6 h6 41. Qxe8+ Rxe8 42. Rc2 Rb8 43.
Rc5 Kg8 44. Kf3 Kf8 45. Ke4 Ke7 46. Kd5 Rd8+ 47. Kc4 Rb8 48. Rc7+ Ke6 49. Kc5 g5 50. fxg5 hxg5 51. b6 Rd8 52. b7 Re8 53. Rc8 Re7 54. b8=Q 1-0

[Event "Late-Titled-Tuesday-Blitz-October-03-2023"]
[Site "Chess.com"]
[Date "2023.10.03"]
[Round "2"]
[White "NMZanette"]
[Black "JG-17"]
[Result "0-1"]
[WhiteElo "2298"]
[BlackElo "2507"]
[TimeControl "180+1"]
[EndTime "14:16:18 PDT"]
[Termination "JG-17 won by resignation"]

1. e4 c5 2. Nc3 Nc6 3. f4 g6 4. Nf3 Bg7 5. a4 e6 6. e5 d5 7. d4 cxd4 8. Nb5 Bf8 9. Nbxd4 Nge7 10. c3 Nf5 11. Nxf5 exf5 12. Be3 Be6 13. Be2 Be7 14.
O-O O-O 15. Kh1 Rc8 16. Nd4 Nxd4 17. Bxd4 Bc5 18. Bxc5 Rxc5 19. Qd4 Qc7 20. Rfd1 Rc8 21. Rd2 a6 22. Rad1 Qc6 23. h4 Ra5 24. Ra1 b5 25. Qb4 Rxa4 26. Rxa4 bxa4 27. Rd4 Bd7 28. Bf3 Be6 29.
Qxa4 Qb7 30. Rb4 Qa7 31. Rd4 Rc4 32. Qe8+ Kg7 33. Rxc4 dxc4 34. Qd8 h5 35. Qd4 Qe7 36. g3 Qc7 37. Bd5 Qd7 38. Bxe6 Qxd4 39. cxd4 fxe6 40. Kg1 a5 41. Kf2 c3 42. bxc3 a4 43. c4 a3 44.
c5 a2 45. c6 a1=Q 0-1

[Event "Late-Titled-Tuesday-Blitz-October-03-2023"]
[Site "Chess.com"]
[Date "2023.10.03"]
[Round "2"]
[White "GoldenShare"]
[Black "kingofthenil"]
[Result "1-0"]
[WhiteElo "2550"]
[BlackElo "2789"]
[TimeControl "180+1"]
[EndTime "14:16:19 PDT"]
[Termination "GoldenShare won on time"]

1. e4 Nc6 2. Nf3 d5 3. exd5 Qxd5 4. Nc3 Qh5 5. Bb5 Bg4 6. h3 O-O-O 7. Bxc6 bxc6 8.
Qe2 Bxf3 9. gxf3 e6 10. Qa6+ Kd7 11. Qe2 Ne7 12. d3 Nf5 13. Be3 Rb8 14. O-O-O Rb7 15. Rhg1 Be7 16. Ne4 Rhb8 17. b3 Bf6 18. Nc5+ Kc8 19.
Nxb7 Rxb7 20. d4 a5 21. Qa6 Qxf3 22. Qxa5 Nxe3 23. fxe3 Qxe3+ 24. Kb1 Bxd4 25. Qa8+ Rb8 26. Qa6+ Rb7 27. Qxc6 Kb8 28. Qe8+ Ka7 29. Qa4+ Kb8 30. Qxd4 Qxd4 31. Rxd4 c5 32. Rd8+ Kc7 33. Rh8 g6 34.
Rxh7 Kd6 35. Rxg6 Ke5 36. Rgg7 Kf6 37. Rxf7+ Rxf7 38. Rxf7+ Kxf7 39. a4 e5 40. a5 e4 41.
a6 e3 42. Kc1 c4 43. bxc4 e2 44. Kd2 e1=Q+ 45. Kxe1 1-0

[Event "Late-Titled-Tuesday-Blitz-October-03-2023"]
[Site "Chess.com"]
[Date "2023.10.03"]
[Round "2"]
[White "amateurchess20"]
[Black "emeli_chess"]
[Result "0-1"]
[WhiteElo "2591"]
[BlackElo "2371"]
[TimeControl "180+1"]
[EndTime "14:16:20 PDT"]
[Termination "emeli_chess won by resignation"]

1. e4 e5 2. Nc3 Nf6 3. g3 d5 4. exd5 Nxd5 5. Nge2 Bc5 6. Bg2 Nf6 7. O-O O-O 8. d3 Nc6 9. Be3 Nd4 10. Bxd4 exd4 11.
Ne4 Nxe4 12. Bxe4 c6 13. Qd2 Bh3 14. Bg2 Bxg2 15. Kxg2 Qd5+ 16. Kg1 Rfe8 17. Rfe1 Bd6 18. a3 c5 19. Nf4 Bxf4 20. Qxf4 Re6 21. Rxe6 Qxe6 22.
Qc7 b6 23. b3 a5 24. a4 Re8 25. Rf1 h5 26. h4 g6 27. Qb7 Re7 28. Qb8+ Kg7 29.
Kg2 Qd5+ 30. Kg1 Qe6 31. Qd8 Re8 32. Qc7 Re7 33. Qb8 Re8 34. Qa7 Re7 35. Qa6 Re8 36. Qb5 Re7 37. Rb1 Qd6 38. Qc4 Re2 39. Rf1 Qf6 40.
Kg2 Qc6+ 41. Kg1 Qf6 42. Kg2 Qc6+ 43. Kh2 Qf3 44. Kg1 g5 45. hxg5 h4 46. gxh4 Qg4+ 47. Kh2 Qxh4+ 48. Kg2 Qg4+ 49. Kh2 Re8 0-1

[Event "Late-Titled-Tuesday-Blitz-October-03-2023"]
[Site "Chess.com"]
[Date "2023.10.03"]
[Round "2"]
[White "Marcin"]
[Black "davigator"]
[Result "0-1"]
[WhiteElo "2485"]
[BlackElo "2310"]
[TimeControl "180+1"]
[EndTime "14:16:20 PDT"]
[Termination "davigator won by resignation"]

1. Nf3 Nf6 2. c4 g6 3. Nc3 d6 4.
d4 Bg7 5. e4 O-O 6. Be2 Nc6 7. d5 Nb4 8. O-O a5 9. Nd4 Nd7 10. Be3 Na6 11. Kh1 Nac5 12. f4 Nf6 13. Bf3 Bd7 14. Qc2 Qc8 15. Rae1 c6 16. e5 dxe5 17.
fxe5 Ng4 18. e6 Nxe3 19. exd7 Nxd7 20. Nxc6 Nxc2 21. Nxe7+ Kh8 22. Nxc8 Nxe1 23. Nd6 Nxf3 24. Rxf3 Ne5 25. Rf4 b6 26. Na4 Rab8 27. b3 Kg8 28. h4 h6 29. Re4 Rfd8 30. Nb5 f5 31. Re2 g5 32. hxg5 hxg5 33. Na7 Kh7 34. Nc3 Kg6 35.
Ncb5 Rh8+ 36. Kg1 Rbe8 37. d6 Nf3+ 38. Kf2 Rxe2+ 39. Kxe2 Ne5 40. Ke3 Rd8 41. Kd4 f4 42.
Kd5 g4 43. Nc6 Nxc6 44. Kxc6 f3 45. gxf3 gxf3 46. Kc7 Rf8 47. d7 f2 48. Nd6 Be5 49.
Kc6 f1=Q 50. Ne8 Qf3+ 51. Kb5 Qa8 0-1

[Event "Late-Titled-Tuesday-Blitz-October-03-2023"]
[Site "Chess.com"]
[Date "2023.10.03"]
[Round "2"]
[White "familijatop71"]
[Black "Dr_crypt"]
[Result "0-1"]
[WhiteElo "2171"]
[BlackElo "2442"]
[TimeControl "180+1"]
[EndTime "14:16:22 PDT"]
[Termination "Dr_crypt won on time"]

1. e4 e5 2. Nf3 Nf6 3. Bc4 Nxe4 4. Nc3 Nxc3 5. dxc3 c6 6. Nxe5 d5 7. Bb3 Bd6 8. Qe2 O-O 9. Nf3 Re8 10. Be3 Bf4 11.
O-O-O Bxe3+ 12. fxe3 Qe7 13. Rhe1 Bf5 14. h3 b5 15. Nd4 Be4 16. a3 a6 17. g4 g6 18.
h4 c5 19. Nf3 c4 20. Ba2 Nc6 21. h5 Ne5 22. Nxe5 Qxe5 23. hxg6 fxg6 24. Qd2 Rf8 25. Qd4 Qxd4 26. cxd4 Rf2 27. Rd2 Raf8 28. c3 h5 29. Rxf2 Rxf2 30. Bb1 Bd3 31. gxh5 gxh5 32. Bxd3 cxd3 33.
Rg1+ Kh7 34. Rg5 Kh6 35. Rxd5 h4 36. e4 h3 37. Rd6+ Kg5 38. Rd5+ Kg4 39. Rd8 h2 40. Rg8+ Kf3 41. Rf8+ Ke3 0-1

[Event "Late-Titled-Tuesday-Blitz-October-03-2023"]
[Site "Chess.com"]
[Date "2023.10.03"]
[Round "2"]
[White "santosalberto1987"]
[Black "Hirna2005"]
[Result "1-0"]
[WhiteElo "2507"]
[BlackElo "2303"]
[TimeControl "180+1"]
[EndTime "14:16:24 PDT"]
[Termination "santosalberto1987 won by resignation"]

1. e4 g6 2. d4 Bg7 3. Nc3 d6 4. Be3 a6 5. Nf3 b5 6. h4 h5 7. Bd3 Nf6 8. Qd2 Bb7 9. e5 Ng4 10. e6 Bxf3 11. gxf3 Nxe3 12. exf7+ Kxf7 13. fxe3 Nd7 14. Rg1 Nf8 15. Qg2 Rh6 16. O-O-O Bf6 17. Nd5 e5 18. dxe5 Bxe5 19. f4 Bg7 20. f5 Qxh4 21.
fxg6+ Kg8 22. Ne7+ Qxe7 23. Qxa8 Qxe3+ 24. Kb1 h4 25. Qxa6 b4 26. Qc4+ Kh8 27. Qe4 Qc5 28. Rh1 h3 29. Rdf1 Nxg6 30. Qe8+ Kh7 31. Bxg6+ Rxg6 32. Rxh3+ Rh6 33. Rxh6+ Kxh6 34. Qe6+ Kh7 35. Rh1+ 1-0

[Event "Late-Titled-Tuesday-Blitz-October-03-2023"]
[Site "Chess.com"]
[Date "2023.10.03"]
[Round "2"]
[White "YouShallNotPass001"]
[Black "Elsa167"]
[Result "1-0"]
[WhiteElo "2389"]
[BlackElo "2870"]
[TimeControl "180+1"]
[EndTime "14:16:25 PDT"]
[Termination "YouShallNotPass001 won on time"]

1. Nf3 Nf6 2. e3 g6 3. Be2 Bg7 4. O-O O-O 5. d4 b6 6. c4 Bb7 7. Nc3 Ne4 8. Nxe4 Bxe4 9. b4 a5 10. b5 d6 11. a4 Nd7 12. Ba3 e5 13. Rc1 Re8 14. Nd2 Bb7 15. c5 dxc5 16. dxc5 Nxc5 17. Bxc5 bxc5 18. Nb3 Qg5 19. Bf3 e4 20. Be2 Rad8 21. Qc2 Bc8 22. Rfd1 Bh3 23. Bf1 Rxd1 24. Rxd1 Bf8 25.
Nxa5 h5 26. Kh1 Bg4 27. Rd2 h4 28. Nc6 Bd6 29. a5 h3 30. g3 c4 31. Qxc4 Be6 32.
Qc3 Ra8 33. b6 cxb6 34. axb6 Rc8 35. b7 1-0

[Event "Late-Titled-Tuesday-Blitz-October-03-2023"]
[Site "Chess.com"]
[Date "2023.10.03"]
[Round "2"]
[White "RIPOL"]
[Black "remi04"]
[Result "0-1"]
[WhiteElo "2434"]
[BlackElo "2854"]
[TimeControl "180+1"]
[EndTime "14:16:26 PDT"]
[Termination "remi04 won on time"]

1. d4 d5 2. c4 e5 3. dxe5 d4 4. Nf3 Nc6 5. a3 Nge7 6. Bf4 Ng6 7. g3 a5 8. Bg2 Bc5 9. O-O O-O 10.
Nbd2 a4 11. Ne4 Ba7 12. Rc1 Bf5 13. Nfd2 Ngxe5 14. c5 d3 15. Nc4 dxe2 16. Qxe2 Nd3 17. Rcd1 Nxf4 18. gxf4 Qh4 19. Qe3 Rfe8 20. Rfe1 Kh8 21.
Qg3 Qxg3 22. hxg3 h6 23. Nc3 Rxe1+ 24. Rxe1 Be6 25. Ne5 Nxe5 26. Rxe5 c6 27. f5 Bb3 28. Re7 Bxc5 29. Rxb7 Rd8 30. f6 gxf6 31. Ne4 Bd4 32. Nc3 c5 33. Rc7 Re8 34. Kh2 Bxf2 0-1

[Event "Late-Titled-Tuesday-Blitz-October-03-2023"]
[Site "Chess.com"]
[Date "2023.10.03"]
[Round "2"]
[White "Horokoskii"]
[Black "gabduschew"]
[Result "0-1"]
[WhiteElo "2094"]
[BlackElo "2410"]
[TimeControl "180+1"]
[EndTime "14:16:26 PDT"]
[Termination "gabduschew won by resignation"]

1. c4 d6 2. Nc3 c6 3. Nf3 g6 4. d4 Bg7 5. e4 Bg4 6. Be3 Nd7 7. h3 Bxf3 8. Qxf3 Qa5 9. Bd3 Qb6 10. O-O Qxb2 11.
Rfc1 Qb6 12. Rab1 Qc7 13. d5 Ne5 14. Qe2 Nxd3 15. Qxd3 c5 16. Nb5 Qd7 17. f4 b6 18.
a4 Nf6 19. e5 dxe5 20. fxe5 Nh5 21. e6 fxe6 22. Rf1 exd5 23. cxd5 Nf6 24. d6 O-O 25.
Rbe1 exd6 26. Nxd6 Rad8 27. Qc4+ Kh8 28. Ne4 Nxe4 29.
Qxe4 Rxf1+ 30. Rxf1 Re8 31. Qf3 Rxe3 32. Qa8+ Re8 33.
Qf3 Rf8 34. Qe2 Rxf1+ 35. Qxf1 Bd4+ 36. Kh1 Kg7 0-1

[Event "Late-Titled-Tuesday-Blitz-October-03-2023"]
[Site "Chess.com"]
[Date "2023.10.03"]
[Round "2"]
[White "pedromartinez91"]
[Black "chesskov1982"]
[Result "1-0"]
[WhiteElo "2556"]
[BlackElo "2826"]
[TimeControl "180+1"]
[EndTime "14:16:27 PDT"]
[Termination "pedromartinez91 won on time"]

1. d4 g6 2. c4 Bg7 3. Nf3 d6 4.
Nc3 Nf6 5. e4 c6 6. Be2 Nbd7 7.
O-O O-O 8. Qc2 Qc7 9. Rb1 e5 10. Rd1 a6 11. b4 Re8 12. dxe5 dxe5 13. c5 Nf8 14. h3 Ne6 15. Be3 Nh5 16. Bc4 Nhf4 17.
Rd2 h6 18. Rbd1 Rd8 19. h4 Rxd2 20. Qxd2 Kh7 21. g3 Nh5 22. Kg2 Nf6 23. Qd6 Qxd6 24. cxd6 Nd7 25. Bxe6 fxe6 26. Na4 a5 27.
Nb6 Nxb6 28. Bxb6 Bd7 29. bxa5 Kg8 30. Nd2 Kf7 31. Nc4 Bf6 32. Bc5 Ke8 33. Rb1 Bc8 34. Bb4 Bd8 35. Bc3 b5 36. axb6 Bb7 37. Na5 Rb8 38.
Bxe5 c5 39. d7+ Kxd7 40. Rd1+ 1-0

[Event "Late-Titled-Tuesday-Blitz-October-03-2023"]
[Site "Chess.com"]
[Date "2023.10.03"]
[Round "2"]
[White "scandalgod"]
[Black "valemava"]
[Result "0-1"]
[WhiteElo "2478"]
[BlackElo "2285"]
[TimeControl "180+1"]
[EndTime "14:16:27 PDT"]
[Termination "valemava won on time"]

1. d4 c6 2. c4 b5 3. e3 bxc4 4.
Bxc4 Ba6 5. Nd2 Qa5 6. Qc2 d5 7. Bd3 e6 8. Nf3 Bxd3 9. Qxd3 Qa6 10. Qc2 Nd7 11. b3 Rc8 12. Bb2 Ngf6 13. Qd1 Ba3 14. Bxa3 Qxa3 15. O-O O-O 16. Qe2 c5 17. dxc5 Nxc5 18.
Ne5 Nce4 19. Ndf3 h6 20. Nd4 a6 21. f3 Nd6 22. Qd2 Nb5 23. Ndc6 Qd6 24. Rac1 Nd7 25. f4 Nxe5 26. Nxe5 d4 27. a4 Nc3 28. exd4 Qxd4+ 29. Qxd4 Ne2+ 30. Kf2 Nxd4 31. Rxc8 Rxc8 32. Rb1 Rc2+ 33. Ke3 Nf5+ 34. Kd3 Rxg2 35. b4 Rxh2 36. b5 axb5 37. axb5 Rh3+ 38. Kc4 Ne3+ 39. Kc5 Nd5 40. b6 Rc3+ 41. Kd6 Nxb6 42. Rxb6 Rc2 43. Rb8+ Kh7 44. Nxf7 Re2 45. Rb7 Kg6 46. Nd8 Rf2 47. Nxe6 Kf6 0-1

[Event "Late-Titled-Tuesday-Blitz-October-03-2023"]
[Site "Chess.com"]
[Date "2023.10.03"]
[Round "2"]
[White "Oleksandr_Bortnyk"]
[Black "Macron20hTF1"]
[Result "1-0"]
[WhiteElo "3021"]
[BlackElo "2605"]
[TimeControl "180+1"]
[EndTime "14:16:29 PDT"]
[Termination "Oleksandr_Bortnyk won by resignation"]

1. e4 c6 2. c4 d5 3. cxd5 cxd5 4. exd5 Nf6 5. Qa4+ Bd7 6. Qb3 e6 7. dxe6 Bxe6 8.
Bc4 Bxc4 9. Qxc4 Bd6 10. Qe2+ Be7 11. Nf3 O-O 12. d4 Nc6 13. Be3 Bb4+ 14. Nc3 Nd5 15. Rc1 Re8 16. O-O Rc8 17. Qd3 Bf8 18. Nxd5 Qxd5 19.
a3 h6 20. h3 Rcd8 21. Qc4 Qf5 22. Rfd1 Rd5 23. Ne5 Rd6 24. Nxc6 Rxc6 25. Qb3 Rxc1 26. Rxc1 b6 27. Qa4 Re7 28. Qa6 Qd5 29. Rc8 Rd7 30.
Qa4 g5 31. Qb4 Rd6 32. Qc3 Kg7 33. Qc7 Re6 34. Qb8 Bd6 35. Rg8+ Kf6 36. Qd8+ Re7 37. Qf8 Rxe3 38. Qxh6+ Ke7 39. fxe3 Qe4 40. Qxg5+ 1-0

[Event "Late-Titled-Tuesday-Blitz-October-03-2023"]
[Site "Chess.com"]
[Date "2023.10.03"]
[Round "2"]
[White "subham777"]
[Black "Dubs123"]
[Result "1-0"]
[WhiteElo "2529"]
[BlackElo "2335"]
[TimeControl "180+1"]
[EndTime "14:16:29 PDT"]
[Termination "subham777 won on time"]

1. e4 c5 2. Nf3 a6 3. c3 d5 4. exd5 Nf6 5. d4 cxd4 6. cxd4 Nxd5 7. Nc3 Nc6 8. Bc4 Nb6 9. Bb3 Bg4 10. Bxf7+ Kxf7 11.
Ng5+ Ke8 12. Qxg4 Qxd4 13. Bf4 Ne5 14. Ne6 Qxc3+ 15. bxc3 Nxg4 16. Nc7+ Kd7 17. O-O-O+ Kc6 18. Rhe1 e5 19. Nxa8 Ba3+ 20. Kb1 Rxa8 21. Bxe5 Nxf2 22. Rd2 Bc5 23. Bg3 Ng4 24. Re6+ Kb5 25. Rb2+ Ka5 26. Bc7 Rf8 27. a4 Rf1+ 28. Ka2 Rf2 29. Bxb6+ Bxb6 30. Rxb6 Rf4 31. R6b4 1-0

[Event "Late-Titled-Tuesday-Blitz-October-03-2023"]
[Site "Chess.com"]
[Date "2023.10.03"]
[Round "2"]
[White "CraiggoryC"]
[Black "Orest_Vovk"]
[Result "0-1"]
[WhiteElo "2299"]
[BlackElo "2504"]
[TimeControl "180+1"]
[EndTime "14:16:31 PDT"]
[Termination "Orest_Vovk won on time"]

1. e4 Nc6 2. Nf3 d5 3. exd5 Qxd5 4. Nc3 Qa5 5. d4 Bg4 6. d5 O-O-O 7. Bd2 Rxd5 8.
Nxd5 Qxd5 9. Be2 Nf6 10. O-O e6 11. Bc3 Qh5 12. Re1 Bd6 13. h3 Bxh3 14. gxh3 Qxh3 15. Bf1 Qh5 16. Bg2 Ng4 17. Re4 Rd8 18. Qe2 Bc5 19. Rxg4 Qxg4 20. Re1 h5 21. Ne5 Qxe2 22. Rxe2 Nxe5 23.
Bxe5 Rd1+ 24. Kh2 f6 25. Bc3 Bd6+ 26. Kh3 e5 27. Be4 g5 28. Bf5+ Kd8 29. Kg2 Ke7 30.
f4 gxf4 31. Bg6 h4 32. Bf5 Bc5 33. Bg4 Rg1+ 34. Kh3 f3 0-1

[Event "Late-Titled-Tuesday-Blitz-October-03-2023"]
[Site "Chess.com"]
[Date "2023.10.03"]
[Round "2"]
[White "Inepton_Fermion"]
[Black "maurovargas01"]
[Result "1-0"]
[WhiteElo "2384"]
[BlackElo "1905"]
[TimeControl "180+1"]
[EndTime "14:16:31 PDT"]
[Termination "Inepton_Fermion won on time"]

1. Nf3 Nc6 2. d4 e5 3. d5 e4 4. dxc6 exf3 5. cxd7+ Bxd7 6. exf3 Bc5 7. Bd3 Qe7+ 8. Qe2 O-O-O 9. Qxe7 Nxe7 10. O-O Rhe8 11. Nc3 Bc6 12. Be3 Bd6 13. a3 Ng6 14. Rfd1 Nf4 15.
Bc4 Ne6 16. Nb5 a6 17. Na7+ Kd7 18. Nxc6 Kxc6 19. Bd5+ Kd7 20. Bxb7 Rb8 21. Bxa6 Rxb2 22. Bd3 Ke7 23. a4 Be5 24. a5 Ra8 25. Ra4 Rab8 26.
a6 Rb1 27. Rf1 Rxf1+ 28. Bxf1 1-0

[Event "Late-Titled-Tuesday-Blitz-October-03-2023"]
[Site "Chess.com"]
[Date "2023.10.03"]
[Round "2"]
[White "Mikhal867"]
[Black "MajorCoast"]
[Result "1/2-1/2"]
[WhiteElo "2472"]
[BlackElo "2248"]
[TimeControl "180+1"]
[EndTime "14:16:32 PDT"]
[Termination "Game drawn by stalemate"]

1. d4 d5 2. c4 e6 3. Nf3 Nf6 4. g3 Be7 5. Bg2 O-O 6. O-O dxc4 7. Qc2 a6 8. a4 Bd7 9. Qxc4 Bc6 10. Nc3 b5 11.
Qb3 b4 12. Nb1 a5 13. Bf4 Bd5 14. Qc2 Bd6 15. Nbd2 Bxf4 16. gxf4 Nbd7 17. e4 Bb7 18. Rac1 Rc8 19. Ne5 Nxe5 20. fxe5 Nh5 21. Nf3 Nf4 22.
Rcd1 g5 23. h3 Kh8 24. Nh2 Rg8 25. Ng4 h5 26. Nf6 Rg6 27. Kh2 g4 28. hxg4 hxg4 29. Rh1 Rh6+ 30. Kg3 Kg7 31. Rxh6 Kxh6 32. Qd2 Kg5 33.
Qxf4+ Kg6 34. Qxg4+ Kh6 35. d5 exd5 36. exd5 Qe7 37.
f4 Rg8 38. Nxg8+ Kh7 39. Nxe7 c5 40. dxc6 b3 41. cxb7 f5 42. exf6 Kh6 43. f7 Kh7 44. f8=N+ Kh6 45. b8=N 1/2-1/2

[Event "Late-Titled-Tuesday-Blitz-October-03-2023"]
[Site "Chess.com"]
[Date "2023.10.03"]
[Round "2"]
[White "Fandorine"]
[Black "stolencandy13"]
[Result "1-0"]
[WhiteElo "2940"]
[BlackElo "2575"]
[TimeControl "180+1"]
[EndTime "14:16:33 PDT"]
[Termination "Fandorine won by checkmate"]

1. Nf3 d5 2. b3 Nf6 3. Bb2 c5 4. g3 Nc6 5. Bg2 Bf5 6. e3 e6 7. h3 Bg6 8. d3 Bd6 9. Nbd2 O-O 10. Nh4 Be5 11. Qc1 Qc7 12. O-O Bh5 13. f4 Bxb2 14. Qxb2 e5 15. g4 exf4 16. exf4 Bxg4 17. hxg4 Nxg4 18.
Rae1 d4 19. Ne4 Ne7 20. c3 Ng6 21. Nxg6 fxg6 22. Qd2 Ne3 23. Rxe3 dxe3 24. Qxe3 Rae8 25. Qxc5 Qd7 26. Qe3 b6 27. Qg3 Rd8 28. d4 Rde8 29.
d5 Qf5 30. Nd6 Qc2 31. Nxe8 Rxe8 32. d6 Qd2 33. f5 Re3 34. Qf4 Qxc3 35. fxg6 hxg6 36.
Bd5+ Kh7 37. Qh4# 1-0

[Event "Late-Titled-Tuesday-Blitz-October-03-2023"]
[Site "Chess.com"]
[Date "2023.10.03"]
[Round "2"]
[White "matagordo"]
[Black "AjedrezenMadrid"]
[Result "0-1"]
[WhiteElo "2202"]
[BlackElo "2460"]
[TimeControl "180+1"]
[EndTime "14:16:34 PDT"]
[Termination "AjedrezenMadrid won by checkmate"]

1. d4 Nf6 2. Bf4 b6 3. e3 Bb7 4. h3 g6 5. Nf3 Bg7 6. Nbd2 O-O 7.
Be2 d6 8. a4 a5 9. O-O Nbd7 10.
Bh2 Re8 11. c4 Ne4 12. Qb3 Nxd2 13. Nxd2 e5 14. Bf3 Qc8 15. Bxb7 Qxb7 16. Nf3 Re7 17. Rac1 exd4 18. Nxd4 Nc5 19. Qb5 Bxd4 20. exd4 c6 21. dxc5 cxb5 22. cxd6 Re2 23. cxb5 Rd2 24. Rc7 Qd5 25. d7 Rd8 26. Bf4 Rd1 27. Rc1 Rxf1+ 28. Rxf1 Qxd7 29. Bg3 Qd4 30. Re1 Qxb2 31. Bc7 Qc3 32.
Re7 Rd1+ 33. Kh2 Qc5 34. Re8+ Kg7 35. Be5+ f6 36. Bg3 g5 37. Rb8 Qc1 38. Rb7+ Kg6 39. Bc7 Rh1+ 40. Kg3 Qc3+ 41. f3 Qe1+ 42. Kg4 f5# 0-1

[Event "Late-Titled-Tuesday-Blitz-October-03-2023"]
[Site "Chess.com"]
[Date "2023.10.03"]
[Round "2"]
[White "KamilGrycel"]
[Black "AleksandrAleksikov"]
[Result "1-0"]
[WhiteElo "2460"]
[BlackElo "2202"]
[TimeControl "180+1"]
[EndTime "14:16:35 PDT"]
[Termination "KamilGrycel won on time"]

1. d4 Nf6 2. Nf3 g6 3. Bf4 Bg7 4. e3 d6 5. h3 O-O 6. Be2 b6 7. O-O Bb7 8. c3 Nbd7 9. Nbd2 c5 10. a4 a6 11. Re1 Re8 12. Bh2 Qc7 13. Bd3 Rad8 14.
Qe2 Qc8 15. e4 e5 16. d5 Qa8 17. Nc4 Qb8 18. b4 Rc8 19. Reb1 Qc7 20. Ne3 Ra8 21.
Nd2 h5 22. Bg3 Bh6 23. Ndc4 Rf8 24. bxc5 bxc5 25. Rb3 Bc8 26. Rab1 Rb8 27. Bh4 Rxb3 28.
Rxb3 Kh7 29. Qf3 Ng8 30. a5 Bg7 31. Nb6 Bb7 32. Nec4 Nxb6 33. Rxb6 Bc8 34. Nxd6 Bd7 35. Bxa6 Nh6 36. Be7 Rb8 37. Nc4 Ra8 38. d6 Qxb6 39. Nxb6 Rxa6 40. Nxd7 Rxa5 41. Nf6+ Kh8 42. d7 1-0

[Event "Late-Titled-Tuesday-Blitz-October-03-2023"]
[Site "Chess.com"]
[Date "2023.10.03"]
[Round "2"]
[White "I_am_Javi"]
[Black "Herman-NY"]
[Result "1-0"]
[WhiteElo "2751"]
[BlackElo "2514"]
[TimeControl "180+1"]
[EndTime "14:16:37 PDT"]
[Termination "I_am_Javi won by checkmate"]

1. e4 c5 2. Nf3 Nc6 3. d4 cxd4 4. Nxd4 e6 5. Nc3 a6 6. Be3 Qc7 7. f3 Nf6 8. Qd2 b5 9. O-O-O Bb7 10. Kb1 Be7 11.
g4 h6 12. h4 Ne5 13. Bd3 b4 14. Na4 d5 15. g5 Nfd7 16. Bf4 dxe4 17. Bxe4 Bxe4 18.
fxe4 hxg5 19. Bxg5 Nc4 20. Qg2 Nde5 21. Nb3 Bxg5 22.
Qxg5 f6 23. Qg1 Kf7 24. Nac5 a5 25. Nd3 a4 26. Nd4 b3 27. Nf4 bxa2+ 28. Kxa2 Qb6 29. Rb1 Rhb8 30. Nfxe6 Qb3+ 31. Ka1 Qb4 32. Qxg7+ Ke8 33.
Nc7+ Kd8 34. Nce6+ Kc8 35. Qc7# 1-0

[Event "Late-Titled-Tuesday-Blitz-October-03-2023"]
[Site "Chess.com"]
[Date "2023.10.03"]
[Round "2"]
[White "ChadBiryani"]
[Black "carokannlover213"]
[Result "0-1"]
[WhiteElo "2512"]
[BlackElo "2732"]
[TimeControl "180+1"]
[EndTime "14:16:37 PDT"]
[Termination "carokannlover213 won by checkmate"]

1. d4 e6 2. Nf3 c5 3. e4 cxd4 4. Nxd4 Nf6 5. Nc3 Nc6 6. Nxc6 bxc6 7. Bd3 d5 8. exd5 cxd5 9. O-O Bd6 10. Qf3 h6 11.
Bf4 O-O 12. Rfe1 Re8 13. Nb5 Bxf4 14. Qxf4 a6 15. Nd6 e5 16. Qb4 Re6 17. Nxc8 Qxc8 18.
Bf5 e4 19. Bxe6 Qxe6 20. Rad1 Rc8 21. c3 Kh7 22. f3 Rc4 23. Qb3 Qc6 24. fxe4 Qc5+ 25.
Kh1 Ng4 26. Re2 Rxe4 27. Qc2 g6 28. Rxe4 dxe4 29. Rf1 f5 30. Qe2 Qd6 31. h3 Qh2# 0-1

[Event "Late-Titled-Tuesday-Blitz-October-03-2023"]
[Site "Chess.com"]
[Date "2023.10.03"]
[Round "2"]
[White "tdf98pantani"]
[Black "Truequitos"]
[Result "0-1"]
[WhiteElo "2685"]
[BlackElo "2445"]
[TimeControl "180+1"]
[EndTime "14:16:37 PDT"]
[Termination "Truequitos won on time"]

1. d4 d5 2. c4 Nc6 3. Nf3 e5 4. dxe5 Bb4+ 5. Bd2 dxc4 6. Nc3 Nge7 7. e3 Be6 8. a3 Ba5 9. Ne4 O-O 10. Bxa5 Nxa5 11. Qxd8 Rfxd8 12. Nc5 Bd5 13. Be2 b6 14. Na6 Rac8 15.
Rd1 c5 16. O-O Re8 17. e4 Bb7 18. Rd7 Bxa6 19. Rxa7 Ra8 20. Rd7 c3 21. Bxa6 Rxa6 22. b4 Nb3 23. Rd3 cxb4 24. axb4 Rc8 25. g3 h6 26. e6 c2 27. Rxb3 c1=Q 28. Rxc1 Rxc1+ 29. Kg2 fxe6 30. Nd4 e5 31. Nf3 Nc6 32. b5 Na5 33.
Rd3 Ra8 34. Nxe5 Re8 35. f4 Rc5 36. Rd6 Rxb5 37. Ng6 Nc4 38. Rd7 Rb2+ 39. Kf3 Rd2 40. Rc7 b5 41. e5 Rc2 0-1

[Event "Late-Titled-Tuesday-Blitz-October-03-2023"]
[Site "Chess.com"]
[Date "2023.10.03"]
[Round "2"]
[White "WilliamAlfaroCaracas"]
[Black "Ducke13"]
[Result "0-1"]
[WhiteElo "2241"]
[BlackElo "2486"]
[TimeControl "180+1"]
[EndTime "14:16:39 PDT"]
[Termination "Ducke13 won on time"]

1. e4 c5 2. Nf3 d6 3. d4 cxd4 4. Nxd4 Nf6 5. Nc3 a6 6. Bg5 Nbd7 7. f4 Qa5 8. Qf3 h6 9. Bh4 e5 10. Nb3 Qc7 11. O-O-O exf4 12. Nd5 Nxd5 13. exd5 g5 14. Bf2 Bg7 15. Qe4+ Ne5 16. Nd4 O-O 17. g3 Bg4 18. Bd3 Nxd3+ 19. Rxd3 Bh5 20. gxf4 gxf4 21. Rg1 Rac8 22.
Qg2 Bg6 23. Rc3 Qa5 24. h4 Rxc3 25. h5 Rg3 26. Bxg3 Bxd4 27. hxg6 Be3+ 28. Kb1 Bxg1 29. gxf7+ Kxf7 30. Bxf4 Qe1+ 0-1

[Event "Late-Titled-Tuesday-Blitz-October-03-2023"]
[Site "Chess.com"]
[Date "2023.10.03"]
[Round "2"]
[White "Valeron87"]
[Black "ferrufino64"]
[Result "1-0"]
[WhiteElo "2479"]
[BlackElo "2234"]
[TimeControl "180+1"]
[EndTime "14:16:40 PDT"]
[Termination "Valeron87 won on time"]

1. e4 c5 2. Nf3 d6 3. d4 cxd4 4.
Qxd4 Nc6 5. Bb5 Bd7 6. Bxc6 Bxc6 7. Nc3 Nf6 8. Bg5 e6 9. O-O-O Be7 10. Qd3 Qc7 11. Nd4 a6 12. Bxf6 gxf6 13. f4 O-O-O 14. f5 Bd7 15. Nb3 Kb8 16. Rhf1 Rc8 17. Kb1 Rhg8 18. Rd2 Qc4 19. Qf3 Rc7 20. Rfd1 Rgc8 21.
Qh5 Be8 22. Qxh7 b5 23. a3 b4 24. axb4 Qxb4 25. Rd3 a5 26. Rd4 Qb6 27. R1d2 Rxc3 28. bxc3 a4 29. fxe6 axb3 30. Rb4 Bb5 31. Rd5 bxc2+ 32. Kxc2 Qf2+ 33. Kb3 Rxc3+ 34. Kxc3 Qe3+ 35.
Kb2 Qe2+ 36. Ka3 Qe3+ 37. Ka2 Qe2+ 38. Rb2 Qc4+ 39. Rb3 Qb4 40. Rxb4 1-0